 Dungeon Crawl Stone Soup version 0.18-a0-1748-g7377c14 (webtiles) character file.

83 dobroeutro the Covered (level 4, -1/29 HPs)
             Began as a Gargoyle Fighter on Apr 12, 2016.
             Slain by an orc
             ... wielding a +1 flail of holy wrath
              (2 damage)
             ... on level 3 of the Dungeon.
             The game lasted 00:01:50 (1314 turns).

dobroeutro the Covered (Gargoyle Fighter)           Turns: 1314, Time: 00:01:51

Health: -1/29      AC: 10    Str: 20    XL:     4   Next: 44%
Magic:  4/4        EV:  7    Int:  9    God:
Gold:   77         SH:  9    Dex:  9    Spells: 0 memorised, 3 levels left

rFire  . . .     SeeInvis .     a - +0 flail
rCold  . . .     Gourm    .     b - +0 scale mail
rNeg   + . .     Faith    .     c - +0 shield
rPois  ∞         Spirit   .     (no helmet)
rElec  +         Dismiss  .     (no cloak)
rCorr  .         Reflect  .     (no gloves)
SustAt .         Harm     .     (no boots)
MR     .....                    (no amulet)
Stlth  ..........               (no ring)
                                (no ring)

@: not resistant to hostile enchantments, extremely unstealthy
A: negative energy resistance 1, electricity resistance, unbreathing,
petrification resistance, rot immunity, AC +3
a: no special abilities


You were on level 3 of the Dungeon.
You were near starving.

You visited 1 branch of the dungeon, and saw 3 of its levels.

You collected 77 gold pieces.

Inventory:

Hand Weapons
 a - a +0 flail (weapon)
Armour
 b - a +0 scale mail (worn)
 c - a +0 shield (worn)
 v - a +0 cloak
Wands
 t - a wand of iceblast (3/15)
Scrolls
 g - a scroll of random uselessness {unknown}
 h - a scroll of immolation {unknown}
 k - 3 scrolls of recharging {unknown}
 l - a scroll of blinking {unknown}
 n - a scroll of enchant armour {unknown}
 o - a scroll of identify {unknown}
 q - a scroll of magic mapping {unknown}
 r - a scroll of fog {unknown}
 s - a scroll of amnesia {unknown}
 u - a scroll of noise {unknown}
Potions
 d - a potion of might
 e - a potion of heal wounds {unknown}
 j - a potion of brilliance {unknown}
 m - a potion of berserk rage {unknown}
 p - a potion of ambrosia {unknown}
Comestibles
 f - 3 bread rations
 i - 2 meat rations


   Skills:
 + Level 4.0 Fighting
 + Level 2.5 Maces & Flails
 + Level 4.1 Armour
 + Level 4.1 Shields


You had 3 spell levels left.
You didn't know any spells.

Dungeon Overview and Level Annotations

Branches:
Dungeon (3/15)

Altars:
Fedhas
Qazlal
Xom
Yredelemnul


Innate Abilities, Weirdness & Mutations

You are resistant to torment.
Your stone body is resilient (AC +3).
You are immune to poison.
You resist negative energy.
You are resistant to electric shocks.
You can survive without breathing.
You are immune to petrification.
You are immune to rotting.


Message History

The orc hits you but does no damage. The orc hits you with a short sword.
* * * LOW HITPOINT WARNING * * *
You closely miss the orc.
The orc is moderately wounded.
You are near starving!
The orc hits you but does no damage. x2
You are too injured to fight recklessly!
You hit the orc.
The orc is heavily wounded.
The orc hits you with a short sword.
* * * LOW HITPOINT WARNING * * *
The orc closely misses you.
You closely miss the orc.
The orc is heavily wounded.
You block the orc's attack. The orc hits you but does no damage.
You barely miss the orc.
The orc is heavily wounded.
You block the orc's attack.
The orc hits you with a flail of holy wrath.
You die...

......
......
..... ....
##########
..#
#........#
#.#
#.######.#
###†###
#.# #.#
#.††o@#
#.# #.#
#.#.#o#
#.# #.#
#..)..#
#.# #.#
###.#.#
#.# #.#
...#<# #.#
#.#
#####.#.#
#.# #.#
#...#.#
#.# #.#
#.###.#
#.# #.#
#.# #.#
#.# #.#


You could see 2 orcs.

Vanquished Creatures
  An orc wizard (D:3)
  A gnoll (D:1)
  An adder (D:2)
  2 dart slugs
  A giant gecko (D:2)
  An orc (D:3)
  2 bats (D:1)
  2 giant cockroaches (D:2)
  3 hobgoblins
  7 jackals
  4 kobolds
  A quokka (D:2)
  A ball python (D:2)
  2 goblins (D:2)
  A rat (D:2)
30 creatures vanquished.

Notes
Turn   | Place    | Note
--------------------------------------------------------------
     0 | D:1      | dobroeutro the Gargoyle Fighter began the quest for the Orb.
     0 | D:1      | Reached XP level 1. HP: 14/14 MP: 1/1
   103 | D:1      | Reached XP level 2. HP: 17/19 MP: 2/2
   390 | D:1      | Reached XP level 3. HP: 24/24 MP: 3/3
   611 | D:2      | Found a shimmering altar of Xom.
   650 | D:2      | Found a basalt altar of Yredelemnul.
   914 | D:2      | Found a stormy altar of Qazlal.
   983 | D:2      | Found a blossoming altar of Fedhas.
  1288 | D:3      | Reached XP level 4. HP: 23/29 MP: 4/4
  1312 | D:3      | HP: 1/29 [orc/short sword (2)]
  1314 | D:3      | Slain by an orc

Vault maps used:
D:1:      roderic_crossed_star
D:2:      nicolae_qazlal_eye_of_the_storm, minitemple, fedhas_altar_3
D:3:      trog_eyes_of_draining, vehumet_crystals, uniq_natasha

Skill      XL: |  1  2  3  4 |
---------------+-------------+-----
Armour         | 4 |  4.1
Fighting       | 4 |  4.0
Shields        | 4 |  4.1
Maces & Flails | |  2.5

Action                   |  1- 3 |  4- 6 || total
-------------------------+-------+-------++-------
Melee: Flail             |   119 |    16 ||   135
Armor: Scale mail        |    81 |    27 ||   108
Dodge: Dodged            |    43 |    10 ||    53
Block: Shield            |    67 |     6 ||    73
